AoeStats
← kTo.Dodurga

QS Arena

503646951Analyzed
4v4 RM · 29d ago on Sep 1, 2026· 13m 56s· 8 players
Game mode
Random Map
Map size
Large (8 player)
Population
200
Speed
Normal
Resources
Standard
Victory
Conquest
Starting age
Dark Age
Ending age
Imperial Age
RankedLock teamsTeams togetherTeam positionsShared explorationLock speedFull tech treeHidden civsTurbo modeCheats
Victory
Defeat
🇨🇴 Cumans · Colombia
1121
+14
🇫🇷 Khmer · France
1112
+15
🇦🇷 Celts · Argentina
1105
+15
🇨🇴 Armenians · Colombia
1073
+16
🇩🇪 Sicilians · Germany
1138
-18
🇷🇺 Wei · Russia
1070
-15
🇹🇷 Dravidians · Türkiye
1062
-14
🇷🇺 Teutons · Russia
1056
-14
R0F | [0] | PEDRO
3:41 Loom
7:38 Feudal Age
8:25 Double-Bit Axe
Fralex04
6:02 Loom
8:31 Feudal Age
11:33 Castle Age
9:31 Double-Bit Axe
9:49 Horse Collar
11:05 Wheelbarrow
13:00 Bow Saw
albaqca
10:17 Feudal Age
11:12 Man-at-Arms
11:39 Arson
12:33 Forging
12:23 Scale Mail Armor
BITCOIN_
7:51 Feudal Age
9:48 Horse Collar
11:10 Loom
14:14 Castle Age
black_magick_in_june
8:43 Feudal Age
14:15 Castle Age
12:37 Horse Collar
12:44 Double-Bit Axe
No Drama Lama
8:24 Feudal Age
9:37 Loom
12:06 Castle Age
10:23 Double-Bit Axe
10:55 Horse Collar
12:44 Loom
13:19 Loom
ASV
6:19 Loom
8:33 Feudal Age
13:26 Castle Age
11:32 Horse Collar
13:40 Double-Bit Axe
kTo.Dodurga
5:42 Loom
8:19 Feudal Age
12:10 Castle Age
9:57 Loom
10:43 Double-Bit Axe
11:12 Horse Collar
12:01 Gold Mining
12:11 Gold Mining
13:06 Bow Saw
Connection lost

Rejoining the realm…

Still unreachable

The connection could not be restored.

Session expired

The server has moved on; the page needs a fresh start.